 Dungeon Crawl Stone Soup version 0.27-a0-1217-g8a41f320e8 (webtiles) character file.

Game seed: 11988042838234074044

22 polve the Skirmisher (level 2, 0/24 HPs)
             Began as a Demonspawn Abyssal Knight on June 5, 2021.
             Was a Follower of Lugonu.
             Slain by a rat (1 damage)
             ... on level 2 of the Dungeon.
             The game lasted 00:02:27 (1316 turns).

polve the Skirmisher (Demonspawn Abyssal Knight)    Turns: 1316, Time: 00:02:27

Health: 0/24       AC:  3    Str: 12    XL:     2   Next: 68%
Magic:  3/3        EV: 11    Int: 13    God:    Lugonu [*.....]
Gold:   21         SH:  4    Dex: 18    Spells: 1/1 levels left

rFire    . . .     SeeInvis .   a - +1 short sword
rCold    . . .     Faith    .   (no shield)
rNeg     . . .     Spirit   .   b - +0 leather armour
rPois    .         Reflect  .   (no helmet)
rElec    .         Harm     .   (no cloak)
rCorr    .         Rampage  .   (no gloves)
Will     .....                  (no boots)
Stlth    +.........             (no amulet)
HPRegen  0.08/turn              i - ring of wizardry
MPRegen  0.08/turn              g - +6 ring of dexterity

@: no status effects
A: condensation shield
a: Renounce Religion, Depart the Abyss


You were on level 2 of the Dungeon.
You worshipped Lugonu.
Lugonu was aware of your devotion.
You visited 1 branch of the dungeon, and saw 2 of its levels.
You visited the Abyss 1 time.

You collected 21 gold pieces.

Inventory:

Hand Weapons
 a - a +1 short sword (weapon)
Armour
 b - a +0 leather armour (worn)
Jewellery
 d - a ring of resist corrosion
 g - a +6 ring of dexterity (right hand)
 i - a ring of wizardry (left hand)
 k - a ring of positive energy
Scrolls
 e - a scroll of magic mapping {unknown}
 h - 2 scrolls of teleportation {unknown}
 l - a scroll of identify {unknown}
Potions
 c - 2 potions of curing {unknown}
 f - a potion of lignification {unknown}
 j - a potion of heal wounds {unknown}


   Skills:
 - Level 3.0 Fighting
 + Level 3.0 Short Blades
 - Level 1.7 Armour
 - Level 0.8 Dodging
 - Level 2.4 Invocations


You had one spell level left.
You didn't know any spells.
Your spell library contained the following spells:

 Spells                   Type           Power      Damage    Failure   Level
 Animate Skeleton         Necr           0%         N/A       16%         1
 Apportation              Tloc           0%         N/A       16%         1
 Corona                   Hex            0%         N/A       16%         1
 Summon Small Mammal      Summ           0%         N/A       16%         1


Dungeon Overview and Level Annotations

Branches:
Dungeon (2/15)

Altars:


Innate Abilities, Weirdness & Mutations

A meltable shield of frost defends you. (SH +4)


Message History

You are too injured to fight recklessly!
A hobgoblin comes into view.
The rat barely misses you.
Found 15 stones.
You closely miss the rat. The rat barely misses you.
You barely miss the rat. The rat bites you.
You hit the rat but do no damage. The rat completely misses you.
The rat barely misses you. The rat barely misses you.
The hobgoblin hits you but does no damage.
The rat bites you but does no damage. The hobgoblin hits you.
You block the rat's attack. The hobgoblin closely misses you.
The rat bites you. You block the hobgoblin's attack.
The rat closely misses you. You block the hobgoblin's attack.
The rat barely misses you. You block the hobgoblin's attack.
The rat bites you but does no damage. The hobgoblin hits you.
You block the rat's attack. The hobgoblin hits you. The rat bites you.
The hobgoblin barely misses you. The rat bites you but does no damage.
You block the hobgoblin's attack. The rat barely misses you.
The hobgoblin hits you. The rat closely misses you. The hobgoblin misses you.
You block the rat's attack. You block the hobgoblin's attack.
The rat bites you. The hobgoblin misses you. The rat misses you.
You block the hobgoblin's attack. The rat bites you.
The hobgoblin barely misses you. The rat closely misses you.
You block the hobgoblin's attack. The rat bites you but does no damage.
You block the hobgoblin's attack. You block the rat's attack.
The hobgoblin hits you but does no damage.
The rat closely misses you. The hobgoblin hits you.
* * * LOW HITPOINT WARNING * * *
The rat bites you.
* * * LOW HITPOINT WARNING * * *
The hobgoblin barely misses you. The rat closely misses you.
The hobgoblin barely misses you. The rat barely misses you.
The hobgoblin misses you. You block the rat's attack. The hobgoblin hits you.
* * * LOW HITPOINT WARNING * * *
The rat bites you.
You die...

#.. #........ ...
...........
.####.###..........
........#..........
....##............ ..
#...........)....
#.####.....†.........
.....................
...>.........@r.....(
.........$....g......
##..#................
........####.........
###.###†###..........
#..................
##.................
##.....>..........
#..............


You could see a hobgoblin and a rat.

Vanquished Creatures
  A bat (D:1)
  An endoplasm (D:2)
  2 giant cockroaches (D:1)
  6 jackals (D:1)
  A quokka (D:1)
  2 ball pythons
  2 frilled lizards (D:1)
  4 kobolds (D:1)
  2 rats (D:2)
21 creatures vanquished.

Notes
Turn   | Place    | Note
-------+----------+-------------------------------------------
     0 | Abyss:1  | polve the Demonspawn Abyssal Knight began the quest for the
                  | Orb.
     0 | Abyss:1  | Reached XP level 1. HP: 18/18 MP: 2/2
    60 | Abyss:1  | Noticed an apocalypse crab
    60 | D:1      | Escaped the Abyss
   415 | D:1      | Gained mutation: A meltable shield of frost defends you.
                  | (SH +4) [demonic ancestry]
   415 | D:1      | Reached XP level 2. HP: 24/24 MP: 3/3
   419 | D:1      | Reached * piety under Lugonu
   620 | D:1      | Found a faded altar of an unknown god.
  1315 | D:2      | HP: 1/24 [hobgoblin (1)]
  1316 | D:2      | Slain by a rat

Illustrated notes

Levels and vault maps discovered:
D:1:      mainiacjoe_arrival_reflecting_pool, layout_basic,
          basic_ecumenical_altar, chequers_serial_rivers_marsh
D:2:      layout_rooms

Skill      XL: |  1  2 |
---------------+-------+-----
Short Blades   | 2 3 |  3.0
Fighting       | |  3.0
Armour         | |  1.7
Dodging        | |  0.8
Invocations    | |  2.4

Action                   || total
-------------------------++-------
Melee: Short sword       ||    78
Invok: Depart the Abyss  ||     1
 Stab: Sleeping          ||     1
Armor: Leather armour    ||    25
Dodge: Dodged            ||    63
Block: Other             ||    17

Table legend: (Time is in decaauts)
 A = Elapsed time spent in this place.
 B = Non-inter-level travel time spent in this place.
 C = Inter-level travel time spent in this place.
 D = Time resting spent in this place.
 E = Time spent auto-exploring this place.
 F = Levels seen in this place.
 G = Mean time per level.
                   A        B        C        D        E       F      G
               +--------+--------+--------+--------+--------+-----+--------+
         Total |   1315 |   1272 |     43 |      0 |   1081 |   3 |  438.3 |
       Dungeon |   1255 |   1212 |     43 |      0 |   1023 |   2 |  627.5 |
         Abyss |     60 |     60 |      0 |      0 |     58 |   1 |   60.0 |
               +--------+--------+--------+--------+--------+-----+--------+

Top non-repeatable levels by time:
     D:1: 1180 daAuts
     D:2: 74 daAuts
 Abyss:1: 60 daAuts
